 Dungeon Crawl Stone Soup version 0.16.0-17-g811c1d7 (webtiles) character file.

43 Sorcv the Sneak (level 3, -16/19 HPs)
             Began as a Kobold Enchanter on Mar 20, 2015.
             Killed by an exploding giant spore (34 damage)
             ... set off by themself
             ... on level 3 of the Dungeon.
             The game lasted 00:03:30 (904 turns).

Sorcv the Sneak (Kobold Enchanter)                   Turns: 904, Time: 00:03:30

Health: -16/19     AC:  4    Str:  6    XL:     3   Next: 82%
Magic:  12/15      EV: 18    Int: 13    God:
Gold:   128        SH:  0    Dex: 17    Spells: 3 memorised, 0 levels left

rFire  . . .     SeeInvis .     r - +1 short sword (holy)
rCold  . . .     Clarity  .     b - +1 robe
rNeg   . . .     SustAb   .     (no shield)
rPois  .         Gourm    .     (no helmet)
rElec  .         Spirit   .     m - +0 cloak
rCorr  .         Warding  .     (no gloves)
rMut   .         Stasis   .     (no boots)
MR     .....                    (no amulet)
Stlth  ++........               o - ring of magical power
                                g - +3 ring of evasion

@: confused, not resistant to hostile enchantments, unstealthy
A: carnivore 3
a: no special abilities


You were on level 3 of the Dungeon.
You were not hungry.

You visited 1 branch of the dungeon, and saw 3 of its levels.

You collected 128 gold pieces.

Inventory:

Hand weapons
 a - a +1 dagger
 r - a +1 short sword of holy wrath (weapon)
Armour
 b - a +1 robe (worn)
 m - a +0 cloak (worn)
Jewellery
 g - a +3 ring of evasion (left hand)
 o - a ring of magical power (right hand)
Scrolls
 e - a scroll of blinking {unknown}
 f - a scroll of teleportation {unknown}
 h - a scroll of enchant armour {unknown}
 j - 2 scrolls of noise {unknown}
 k - 2 scrolls of remove curse {unknown}
 p - a scroll of fear {unknown}
 q - a scroll of enchant weapon {unknown}
Potions
 l - 2 potions of curing {unknown}
 n - a potion of mutation {unknown}
 t - a potion of restore abilities {unknown}
 u - a potion of poison {unknown}
Books
 c - a book of Maledictions

   Spells                             Type                      Level
   a - Corona                         Hexes                        1
   b - Sure Blade                     Hexes/Charms                 2
   c - Ensorcelled Hibernation        Hexes/Ice                    2
   d - Confuse                        Hexes                        3
   e - Dazzling Spray                 Conjuration/Hexes            3
   f - Enslavement                    Hexes                        4
Comestibles
 d - a meat ration
 i - a beef jerky
 s - a royal jelly


   Skills:
 - Level 1.3 Short Blades
 - Level 2.4 Dodging
 + Level 6.2 Stealth
 - Level 2.0 Spellcasting
 - Level 3.0 Hexes


You couldn't memorise any spells.
You knew the following spells:

 Your Spells              Type           Power        Failure   Level  Hunger
a - Corona                Hex            #......      10%         1    ##.....
b - Ensorcelled Hibernat  Hex/Ice        #.....       21%         2    ###....
c - Confuse               Hex            #.......     21%         3    ####...


Dungeon Overview and Level Annotations

Branches:
Dungeon (3/15)

Altars:


Innate Abilities, Weirdness & Mutations

You are small and have problems with some larger weapons.
You are carnivorous and can eat meat at any time.


Message History

A ballistomycete grows in the wake of the giant spore.
The jackal bites the ballistomycete.
A jackal comes into view.
You aren't carrying any items that can be evoked.
Casting: Corona
Confirm with . or Enter, or press ? or * to list all spells.
Aiming: Confuse
Press: ? - help, Shift-Dir - straight line, f - kobold
Aim: a kobold, wielding a club (chance 58%)
The kobold appears confused.
The kobold hits the giant spore with a club.
The giant spore explodes!
The kobold appears confused.
The explosion of spores engulfs the kobold.
The kobold dies!
A fungus suddenly grows. x2
The explosion of spores engulfs you!
You are confused.
Ouch! That really hurt!
You die...

#...><........
#.....########
####.>## ##..###
##...#######.(..
###.##......#
#..!####....######
.........######
............@$#
............†#
...#......(P.# ..
#......$..#
#.....P...#
#####.#.#.#
#..h#P# ###....
#..#.


You could see a jackal.

Vanquished Creatures
  A giant mite (D:1)
  A worm (D:2)
  5 bats (D:1)
  4 hobgoblins
  A jackal (D:1)
  2 quokkas
  2 giant cockroaches (D:1)
  A giant newt (D:1)
  A goblin (D:1)
  6 kobolds
  8 rats
32 creatures vanquished.

Vanquished Creatures (others)
  A kobold (D:3)
1 creature vanquished.

Grand Total: 33 creatures vanquished

Notes
Turn   | Place    | Note
--------------------------------------------------------------
     0 | D:1      | Sorcv, the Kobold Enchanter, began the quest for the Orb.
     0 | D:1      | Reached XP level 1. HP: 10/10 MP: 3/3
    50 | D:1      | Reached XP level 2. HP: 9/15 MP: 4/4
   128 | D:1      | Reached skill level 5 in Stealth
   173 | D:1      | Reached XP level 3. HP: 12/19 MP: 6/6
   677 | D:2      | Reached skill level 6 in Stealth
   705 | D:2      | Learned a level 2 spell: Ensorcelled Hibernation
   709 | D:2      | Learned a level 3 spell: Confuse
   904 | D:3      | Killed by an exploding giant spore... set off by themself

Action                   || total
-------------------------++-------
Melee: Dagger            ||    61
       Short sword       ||    13
 Cast: Confuse           ||     1
 Stab: Sleeping          ||     5
